 Seeded DCSS version 0.30.1-9-gdf580d7c3d (webtiles) character file.

Game seed: 11876287305940443354 (custom seed)

97 Iich the Trooper (level 4, -1/41 HPs)
             Began as a Hill Orc Fighter on Sept 26, 2023.
             Killed from afar by an orc wizard (7 damage)
             ... with a magic dart
             ... on level 3 of the Dungeon.
             The game lasted 00:02:05 (1590 turns).

Iich the Trooper (Hill Orc Fighter)                 Turns: 1590, Time: 00:02:07

Health: -1/41      AC:  8    Str: 20    XL:     4   Next: 68%
Magic:  4/4        EV:  9    Int:  8    God:
Gold:   178        SH:  4    Dex: 10    Spells: 3/3 levels left

rFire   . . .        a - +0 war axe
rCold   . . .        c - +0 buckler
rNeg    . . .        b - +0 scale mail
rPois   .            (no helmet)
rElec   .            l - +0 cloak
rCorr   .            (no gloves)
SInv    .            (no boots)
Will    .....        e - amulet of regeneration Stlth
                     (no ring)
HPRegen 1.06/turn    (no ring)
MPRegen 0.09/turn

%: no passive effects
@: no status effects
A: no striking features
a: no special abilities


You were on level 3 of the Dungeon.
You visited 1 branch of the dungeon, and saw 3 of its levels.

You collected 178 gold pieces.

Inventory:

Hand Weapons
 a - a +0 war axe (weapon)
Armour
 b - a +0 scale mail (worn)
 c - a +0 buckler (worn)
 l - a +0 cloak (worn)
Jewellery
 e - an amulet of regeneration (around neck)
Scrolls
 f - 4 scrolls of identify {unknown}
 g - a scroll of amnesia {unknown}
 i - a scroll of fog {unknown}
 j - a scroll of enchant armour {unknown}
 t - 3 scrolls of teleportation
Potions
 d - a potion of might
 h - a potion of mutation {unknown}
 k - a potion of degeneration {unknown}
 m - a potion of lignification {unknown}
 n - a potion of resistance {unknown}


   Skills:
 + Level 4.4 Fighting
 + Level 3.8 Axes
 + Level 4.1 Armour
 + Level 4.0 Shields


You had 3 spell levels left.
You didn't know any spells.
Your spell library was empty.

Dungeon Overview and Level Annotations

Branches:
Dungeon (3/15)

Altars:
Yredelemnul


Message History

You kill the ball python!
You closely miss something.
The orc hits you from afar with a +0 trident!
Something hits you.
You hear some strange, mumbled words.
Something tries to affect you, but you resist.
The orc hits you but does no damage. Something hits you but does no damage.
The orc hits you with a +0 trident.
You see here a ball python corpse.
You take 12 damage, and have 26/41 hp. !!!!--MASSIVE DAMAGE--!!!!
You are too injured to fight recklessly!
Unknown command.
You are too injured to fight recklessly!
Unknown command.
You are too injured to fight recklessly!
Unknown command.
You are too injured to fight recklessly!
You barely miss the orc. You barely miss something.
The orc hits you with a +0 trident!
You hear some strange, mumbled words.
A magic dart appears from out of thin air!
The magic dart hits you!
* * * LOW HITPOINT WARNING * * *
You take 15 damage, and have 11/41 hp. !!!!--MASSIVE DAMAGE--!!!!
You hit the orc.
The orc is heavily wounded.
You closely miss something. The orc hits you with a +0 trident.
* * * LOW HITPOINT WARNING * * *
Something hits you but does no damage. You block something's attack.
The orc hits you with a +0 trident.
* * * LOW HITPOINT WARNING * * *
You take 6 damage, and have 5/41 hp.
You hit the orc.
You kill the orc!
You closely miss something.
You hear some strange, mumbled words.
A magic dart appears from out of thin air!
The magic dart hits you!
You die...

... .. .. ... .. ...#####. ##
......... ..# .. #.....##.#.#..
+....)'..#.#.# ##
#####...)@####'#.#....# #...
........{.#......#....#
#.#.#.####.....'......#....#
#.#...##########......#....###.
#.##.............)....#........
#.##.................>.........
#.##)........##............#
##.##.........##.##.........#
#......#††....##. #.........#


There were no monsters in sight!

Vanquished Creatures
  A hound (D:3)
  An adder (D:2)
  3 dart slugs
  4 orcs (D:3)
  7 ball pythons
  8 endoplasms
  5 goblins
  6 hobgoblins
  2 jackals (D:1)
  A quokka (D:3)
  3 bats
  3 frilled lizards
  3 rats
47 creatures vanquished.

Notes
Turn   | Place    | Note
-------+----------+-------------------------------------------
     0 | D:1      | Iich the Hill Orc Fighter began the quest for the Orb.
     0 | D:1      | Reached XP level 1. HP: 19/19 MP: 1/1
   109 | D:1      | Reached XP level 2. HP: 25/27 MP: 2/2
   262 | D:2      | Reached XP level 3. HP: 11/33 MP: 3/3
  1140 | D:3      | Found a basalt altar of Yredelemnul.
  1159 | D:3      | Reached XP level 4. HP: 30/40 MP: 4/4
  1590 | D:3      | Killed from afar by an orc wizard

Illustrated notes

Levels and vault maps discovered:
D:1:      saegor_arrival_simple_a, layout_basic, chequers_serial_rivers_micro_e
D:2:      layout_basic, minivault_25
D:3:      wander_river, layout_basic, yredelemnul_altar_generic

Skill      XL: |  1  2  3  4 |
---------------+-------------+-----
Axes           | 3 |  3.8
Fighting       | 4 |  4.4
Armour         | 4 |  4.1
Shields        | 4 |  4.0

Action                     |  1- 3 |  4- 6 || total
---------------------------+-------+-------++-------
  Melee: War axe           |    62 |    52 ||   114
    Use: Scroll            |     1 |       ||     1
 Armour: Scale mail        |    29 |    28 ||    57
  Dodge: Dodged            |    31 |    28 ||    59
  Block: Buckler           |    13 |    14 ||    27
